Map: Abyssal Reef LE

Players

CapitanDuro

  • Race: Terran Terran
  • League: Silver
  • Spawn Location: 11:00

Cuervo - Winner!

  • Race: Zerg Zerg
  • Spawn Location: 5:00

VOD

Have the link to the VOD?

Description

Time

  • Played on: Sept. 20, 2017, 4:07 p.m.
  • Length: 4:54
Show
View Real Time Build Order
Export as new Build Order

CapitanDuro Terran 

Build Orders: Reaper Expand 

Get SALT Encoding   

  12  0:01  SCV  
  13  0:14  SCV  
  14  0:22  Supply Depot  
  14  0:26  SCV  
  15  0:44  SCV  
  16  1:01  Barracks, SCV  
  17  1:04  Refinery  
  17  1:16  SCV  
  18  1:28  SCV  
  19  1:32  Refinery  
  19  1:48  Command Center  
  19  1:52  Barracks Reactor  
  19  2:07  Orbital Command  
  19  2:22  Factory  
  19  2:33  Supply Depot  
  19  2:40  Supply Depot  
  19  2:41  Reaper  
  20  2:52  Reaper  
  21  3:03  Orbital Command  
  21  3:29  Supply Depot  
  21  3:32  SCV  
  21  3:33  SCV  
  23  3:38  Refinery, Hellion  
  23  3:39  Hellion  
  27  4:03  Cyclone  
  27  4:04  Cyclone  
  32  4:19  SCV x2  
Show
View Real Time Build Order
Export as new Build Order

Cuervo Zerg - Winner!

Build Orders: Hatch First 

Get SALT Encoding   

  12  0:01  Drone  
  13  0:13  Overlord  
  13  0:21  Drone  
  14  0:32  Drone x2  
  16  0:39  Drone  
  17  0:54  Hatchery  
  17  0:56  Drone  
  17  0:59  Drone  
  18  1:13  Spawning Pool  
  18  1:17  Extractor  
  18  1:18  Drone  
  17  1:23  Drone  
  18  1:28  Drone  
  19  1:39  Drone  
  20  1:49  Overlord  
  20  1:59  Queen  
  22  2:05  Queen  
  22  2:07  Zergling x2  
  25  2:12  Roach Warren  
  24  2:16  Drone x2  
  24  2:20  Metabolic Boost  
  26  2:26  Drone  
  26  2:27  Drone  
  28  2:40  Drone x2  
  28  2:41  Overlord  
  30  2:50  Drone x2  
  32  2:55  Overlord  
  32  3:00  Roach  
  34  3:07  Roach  
  34  3:12  Zergling x4  
  38  3:13  Roach  
  38  3:14  Roach  
  42  3:21  Roach x2  
  42  3:22  Zergling x2  
  42  3:25  Zergling x2  
  48  3:27  Overlord  
  50  3:34  Roach  
  50  3:38  Roach  
  52  3:44  Overlord  
  52  3:45  Overlord  
  52  3:48  Zergling x4  
  54  3:49  Zergling x2  
  55  4:01  Queen  
  56  4:18  Roach  
  56  4:23  Roach x2  
  56  4:24  Roach x2  
  61  4:32  Zergling x8  
Tags
 
Add a new tag
Caveats
  • Supply blocks, unpowered buildings, or Contaminate may cause inaccurate times.
  • Supply counts are checked every 10 seconds.